 Dungeon Crawl Stone Soup version 0.19-a0-1654-g9d3f708 (webtiles) character file.

25 Amnesiac the Charlatan (level 3, -4/20 HPs)
             Began as a Kobold Artificer on Sept 20, 2016.
             Killed by divine providence
             ... invoked by an orc priest
              (14 damage)
             ... on level 4 of the Dungeon.
             The game lasted 00:01:10 (990 turns).

Amnesiac the Charlatan (Kobold Artificer)            Turns: 990, Time: 00:01:11

Health: -4/20      AC:  3    Str: 10    XL:     3   Next: 17%
Magic:  6/6        EV: 14    Int: 12    God:
Gold:   68         SH:  0    Dex: 15    Spells: 0 memorised, 2 levels left

rFire  . . .     SeeInvis .     a - +0 short sword
rCold  . . .     Gourm    .     b - +0 leather armour
rNeg   . . .     Faith    .     (shield restricted)
rPois  .         Spirit   .     (no helmet)
rElec  .         Dismiss  .     (no cloak)
rCorr  .         Reflect  .     (no gloves)
MR     .....     Harm     .     (no boots)
Stlth  ++........               (no amulet)
                                (no ring)
                                (no ring)

@: no status effects
A: carnivore 3
a: no special abilities


You were on level 4 of the Dungeon.
You were not hungry.

You visited 1 branch of the dungeon, and saw 4 of its levels.

You collected 68 gold pieces.

Inventory:

Hand Weapons
 a - a +0 short sword (weapon)
Armour
 b - a +0 leather armour (worn)
 k - a +0 cloak
Wands
 c - a wand of flame (10/48)
 d - a wand of enslavement (15/24)
 e - a wand of random effects (15/48)
Scrolls
 h - a scroll of amnesia {unknown}
 i - a scroll of teleportation {unknown}
 j - a scroll of fog {unknown}
Potions
 g - a potion of might {unknown}
Comestibles
 f - a meat ration


   Skills:
 - Level 1.1 Fighting
 - Level 1.3 Short Blades
 - Level 2.4 Dodging
 - Level 1.3 Stealth
 + Level 5.0 Evocations


You had 2 spell levels left.
You didn't know any spells.

Dungeon Overview and Level Annotations

Branches:
Dungeon (4/15)
 Temple: D:4-7

Altars:
Cheibriados
Elyvilon

Shops:
D:4 ?


Innate Abilities, Weirdness & Mutations

You are small and have problems with some larger weapons.
You are carnivorous and can eat meat at any time.


Message History

Found a snail-covered altar of Cheibriados.
Found a stone staircase leading down.
There is a stone staircase leading up here.
The adder hisses angrily.
You see here a cloak.
k - a cloak The orc wizard shouts!
The orc priest looks satisfied for a moment.
A jackal comes into view.
An orc priest comes into view. It is wielding a club.
The orc priest shouts!
The jackal barks!
The orc priest calls down the wrath of Beogh upon you.
Pain shoots through your body!
Ouch! That really hurt!
A jackal comes into view.
There is a stone staircase leading up here.
The orc priest invokes the aid of Beogh against you.
Beogh smites you!
Ouch! That really hurt!
You die...

_..........#
.......o...#
........o..##
............##.
.....o.o.......
.......o.......
...............
......S@......h
...........h..∩
.............h.
...............
>..............
...............
.....##........
.#### ####?..$.
#####


You could see 2 orc priests, an orc wizard, an adder, 2 orcs and 3 jackals.

Vanquished Creatures
  An adder (D:2)
  A worm (D:2)
  A leopard gecko (D:2)
  A bat (D:2)
  2 goblins (D:1)
  A hobgoblin (D:2)
  A kobold (D:1)
  A quokka (D:2)
  A ball python (D:1)
  2 rats (D:3)
12 creatures vanquished.

Notes
Turn   | Place    | Note
-------+----------+-------------------------------------------
     0 | D:1      | Amnesiac the Kobold Artificer began the quest for the Orb.
     0 | D:1      | Reached XP level 1. HP: 12/12 MP: 3/3
    49 | D:1      | Reached skill level 4 in Evocations
   165 | D:2      | Reached XP level 2. HP: 6/16 MP: 5/5
   455 | D:3      | Found a white marble altar of Elyvilon.
   696 | D:2      | Reached XP level 3. HP: 18/20 MP: 6/6
   948 | D:3      | Reached skill level 5 in Evocations
   986 | D:4      | Found Ukufasej's Magic Scroll Emporium.
   986 | D:4      | Found a snail-covered altar of Cheibriados.
   990 | D:4      | Killed from afar by an orc priest

Vault maps used:
D:1:      kennysheep_arrival_seaside
D:3:      lemuel_crystal_altar, minmay_misc_feat_room, patterned_corridor
D:4:      overflow_temple_1_default, nicolae_overflow_crystal_walls,
          serial_shops, shop, first_bread

Skill      XL: |  1  2  3 |
---------------+----------+-----
Evocations     | 4 5 |  5.0
Fighting       | |  1.1
Short Blades   | |  1.3
Dodging        | |  2.4
Stealth        | |  1.3

Action                   || total
-------------------------++-------
Melee: Short sword       ||    59
Evoke: Wand              ||     5
 Stab: Sleeping          ||     1
  Eat: Chunk             ||     1
Armor: Leather armour    ||     7
Dodge: Dodged            ||    57
